 Dungeon Crawl Stone Soup version 0.31-a0-152-g6aa68a64a1 (webtiles) character file.

Game seed: 10973240384210751717

580 qw the Shooter (level 7, -4/66 HPs)
             Began as a Naga Hunter on June 9, 2023.
             Slain by a gnoll sergeant
             ... wielding a +1 vampiric spear
              (10 damage)
             ... on level 5 of the Dungeon.
             The game lasted 00:01:12 (3482 turns).

qw the Shooter (Naga Hunter)                        Turns: 3482, Time: 00:01:13

Health: -4/66      AC:  8    Str: 13    XL:     7   Next: 36%
Magic:  7/7        EV: 10    Int:  9    God:
Gold:   265        SH:  0    Dex: 17    Spells: 6/6 levels left

rFire   . . .        Y - +1 shortbow
rCold   + . .        (shield currently unavailable)
rNeg    . . .        k - +1 leather armour {rC+}
rPois   +            i - +2 helmet
rElec   .            d - +0 cloak
rCorr   .            (no gloves)
SInv    +            (no barding)
Will    .....        (no amulet)
Stlth   ++           (no ring)
HPRegen 0.31/turn    (no ring)
MPRegen 0.10/turn

%: no passive effects
@: lethally poisoned (-4 -> -14), short of breath, very slow
A: AC +2, large, see invisible, deformed body, poison resistance, slowness 2,
spit poison 1, naga tail 1
a: Spit Poison


You were on level 5 of the Dungeon.
You visited 1 branch of the dungeon, and saw 5 of its levels.

You collected 265 gold pieces.


Innate Abilities, Weirdness & Mutations

Your serpentine skin is tough. (AC +2)
You have supernaturally acute eyesight. (SInv)
Armour fits poorly on your strangely shaped body.
Your system is resistant to poisons. (rPois)
You cover ground very slowly.
You can spit poison.
You have a snake-like lower body.


   Skills:
 - Level 4.7 Fighting
 + Level 6.3 Ranged Weapons
 - Level 2.6 Dodging
 - Level 1.5 Stealth


You had 6 spell levels left.
You didn't know any spells.
Your spell library was empty.

Inventory:

Hand Weapons
 Y - a +1 shortbow (weapon)
Armour
 d - a +0 cloak (worn)
 i - a +2 helmet (worn)
 k - a +1 leather armour of cold resistance (worn)
Jewellery
 c - a ring of protection from fire
Scrolls
 j - a scroll of identify
Potions
 a - a potion of curing
 b - a potion of resistance
 e - a potion of heal wounds
 f - a potion of enlightenment {unknown}
 l - a potion of ambrosia {unknown}
 m - a potion of degeneration {unknown}

Dungeon Overview and Level Annotations

Branches:
Dungeon (5/15)
 Temple: D:4-7

Altars:
Cheibriados
Elyvilon
Sif Muna
Wu Jian


Message History

The adder closely misses you.
The gnoll hits you from afar with a +0 spear.
The gnoll closely misses you. The gnoll hits you with a +0 whip.
The adder bites you.
You shoot an arrow. The arrow hits the gnoll.
You kill the gnoll!
The adder bites you but does no damage. The gnoll closely misses you. x2
You shoot an arrow. The arrow hits the gnoll.
The gnoll is severely wounded.
The adder bites you but does no damage. The gnoll hits you but does no damage.
The adder bites you but does no damage.
You shoot an arrow. The arrow barely misses the gnoll.
The gnoll sergeant hits you but does no damage.
The gnoll barely misses you.
The gnoll hits you from afar with a +0 halberd.
The adder bites you but does no damage. The scorpion misses you.
You shoot an arrow. The arrow hits the gnoll.
The gnoll is almost dead.
You have got your breath back.
The adder bites you but does no damage. The gnoll hits you with a +0 whip.
The scorpion closely misses you. The gnoll closely misses you.
The gnoll sergeant barely misses you. The adder misses you.
3481 ||| INVOKING Spit Poison.
Aiming: Spit Poison (1% risk of failure)
Press: ? - help, Shift-Dir - straight line, f/p - gnoll The splash of poison hits the gnoll!
You kill the gnoll!
The scorpion stings you.
The gnoll hits you but does no damage. x2
The gnoll sergeant hits you from afar with a +1 vampiric spear!
The adder barely misses you. The scorpion closely misses you.
You shoot an arrow.
The arrow hits the scorpion but does no damage.
The gnoll hits you from afar with a +0 spear.
The gnoll hits you from afar with a +0 halberd.
The gnoll sergeant hits you from afar with a +1 vampiric spear!
The adder barely misses you. The scorpion stings you.
You are lethally poisoned!
The scorpion poisons you!
The gnoll sergeant hits you from afar with a +1 vampiric spear!
You die...

##. .#... .....
.#....### ........#
#.#
....)g#g###########.#
.#..#g.)s........##.#
......S@...# #.##.#
##..#.#.##.# #.##.#
.. #.# #.##.# #.. #.#
#.##.# ##
#.##.#####.##.# #
#.##......#.#<# #
#.#.######.###..#
#.#.#.#.# #...## ##.#
#.....%###.##.###.##


You could see a gnoll sergeant, a scorpion, 2 gnolls and an adder.

Vanquished Creatures
  Sigmund (D:4)
  An ice beast (D:5)
  A phantom (D:4)
  2 iguanas
  6 gnolls
  6 adders
  An ufetubus (D:5)
  A worm (D:2)
  4 dart slugs
  2 orcs
  5 bats
  2 endoplasms (D:3)
  6 giant cockroaches
  7 goblins
  8 hobgoblins
  2 jackals (D:2)
  4 quokkas
  10 ball pythons
  4 frilled lizards
  5 kobolds
  2 rats (D:1)
80 creatures vanquished.

Notes
Turn   | Place    | Note
-------+----------+-------------------------------------------
     0 | D:1      | qw the Naga Hunter began the quest for the Orb.
     0 | D:1      | Reached XP level 1. HP: 19/19 MP: 1/1
     0 | D:1      | 0 ||| qw: Version: 0.2-a-122-gbc61b45
     0 | D:1      | 0 ||| qw: Game counter: 3434
     0 | D:1      | 0 ||| qw: Always use a shield: true
     0 | D:1      | 0 ||| qw: God list: Okawaru
     0 | D:1      | 0 ||| qw: Allow faded altars: false
     0 | D:1      | 0 ||| qw: Do Orc after D:15 true
     0 | D:1      | 0 ||| qw: Do second Lair branch before Depths: true
     0 | D:1      | 0 ||| qw: Lair rune preference: random
     0 | D:1      | 0 ||| qw: Plans: Normal
     0 | D:1      | 0 ||| PLANNING D:1-11
    32 | D:1      | 32 ||| INVOKING Spit Poison.
    47 | D:1      | 47 ||| INVOKING Spit Poison.
    99 | D:1      | 99 ||| INVOKING Spit Poison.
   186 | D:1      | 186 ||| INVOKING Spit Poison.
   218 | D:1      | 218 ||| INVOKING Spit Poison.
   229 | D:1      | Reached skill level 4 in Ranged Weapons
   229 | D:1      | Reached XP level 2. HP: 26/26 MP: 2/2
   259 | D:1      | 259 ||| INVOKING Spit Poison.
   265 | D:1      | 265 ||| INVOKING Spit Poison.
   317 | D:1      | 317 ||| INVOKING Spit Poison.
   406 | D:1      | 406 ||| INVOKING Spit Poison.
   414 | D:1      | 414 ||| INVOKING Spit Poison.
   417 | D:1      | 417 ||| INVOKING Spit Poison.
   438 | D:1      | 438 ||| INVOKING Spit Poison.
   439 | D:1      | 439 ||| INVOKING Spit Poison.
   512 | D:1      | 512 ||| INVOKING Spit Poison.
   537 | D:1      | 537 ||| INVOKING Spit Poison.
   560 | D:1      | 560 ||| INVOKING Spit Poison.
   608 | D:1      | 608 ||| INVOKING Spit Poison.
   735 | D:1      | 735 ||| UPGRADING to +0 cloak.
   740 | D:1      | 740 ||| READING scroll labelled IZYFEA FUONTEOSO.
   741 | D:1      | 741 ||| DROPPING scroll of butterflies.
   763 | D:2      | 763 ||| INVOKING Spit Poison.
   791 | D:2      | Reached XP level 3. HP: 32/32 MP: 3/3
   839 | D:2      | 839 ||| INVOKING Spit Poison.
   866 | D:2      | 866 ||| INVOKING Spit Poison.
   876 | D:2      | 876 ||| INVOKING Spit Poison.
   880 | D:2      | 880 ||| INVOKING Spit Poison.
   884 | D:2      | 884 ||| INVOKING Spit Poison.
   911 | D:2      | 911 ||| INVOKING Spit Poison.
   946 | D:2      | 946 ||| INVOKING Spit Poison.
   988 | D:2      | 988 ||| INVOKING Spit Poison.
  1046 | D:2      | 1046 ||| INVOKING Spit Poison.
  1127 | D:2      | 1127 ||| INVOKING Spit Poison.
  1136 | D:2      | 1136 ||| INVOKING Spit Poison.
  1366 | D:2      | 1366 ||| INVOKING Spit Poison.
  1368 | D:2      | Reached skill level 5 in Ranged Weapons
  1368 | D:2      | Reached XP level 4. HP: 39/39 MP: 4/4
  1400 | D:2      | 1400 ||| UPGRADING to +2 helmet.
  1405 | D:2      | 1405 ||| READING scroll labelled PIXKUG ENWALL.
  1406 | D:2      | 1406 ||| READING scroll labelled QUAMPY ARIUTAMP.
  1407 | D:2      | 1407 ||| READING scroll labelled LUYKHO VIUCH.
  1508 | D:2      | 1508 ||| READING scroll labelled SECZOT WULINN.
  1527 | D:3      | 1527 ||| INVOKING Spit Poison.
  1530 | D:3      | 1530 ||| INVOKING Spit Poison.
  1549 | D:3      | 1549 ||| INVOKING Spit Poison.
  1612 | D:3      | 1612 ||| INVOKING Spit Poison.
  1621 | D:3      | 1621 ||| INVOKING Spit Poison.
  1628 | D:3      | 1628 ||| INVOKING Spit Poison.
  1688 | D:3      | 1688 ||| INVOKING Spit Poison.
  1689 | D:3      | 1689 ||| Stepping ~*~*~tactically~*~*~ (outnumbered).
  1692 | D:3      | 1692 ||| Stepping ~*~*~tactically~*~*~ (outnumbered).
  1694 | D:3      | Reached skill level 3 in Fighting
  1695 | D:3      | 1695 ||| INVOKING Spit Poison.
  1696 | D:3      | 1696 ||| INVOKING Spit Poison.
  1771 | D:3      | Reached XP level 5. HP: 49/49 MP: 5/5
  1775 | D:3      | Found a snail-covered altar of Cheibriados.
  1808 | D:3      | 1808 ||| INVOKING Spit Poison.
  1809 | D:3      | 1809 ||| INVOKING Spit Poison.
  1824 | D:3      | 1824 ||| INVOKING Spit Poison.
  1851 | D:3      | 1851 ||| INVOKING Spit Poison.
  1859 | D:3      | 1859 ||| INVOKING Spit Poison.
  1885 | D:3      | 1885 ||| INVOKING Spit Poison.
  2131 | D:3      | 2131 ||| INVOKING Spit Poison.
  2270 | D:3      | 2270 ||| INVOKING Spit Poison.
  2369 | D:3      | 2369 ||| READING scroll labelled NEBBEK HOSUID.
  2445 | D:4      | 2445 ||| INVOKING Spit Poison.
  2471 | D:4      | 2471 ||| INVOKING Spit Poison.
  2474 | D:4      | 2474 ||| INVOKING Spit Poison.
  2477 | D:4      | 2477 ||| INVOKING Spit Poison.
  2483 | D:4      | Noticed a phantom
  2491 | D:4      | 2491 ||| INVOKING Spit Poison.
  2495 | D:4      | 2495 ||| INVOKING Spit Poison.
  2495 | D:4      | Found a white marble altar of Elyvilon.
  2497 | D:4      | 2497 ||| INVOKING Spit Poison.
  2504 | D:4      | Killed a phantom
  2505 | D:4      | Reached skill level 6 in Ranged Weapons
  2505 | D:4      | Reached XP level 6. HP: 43/56 MP: 6/6
  2596 | D:4      | 2596 ||| INVOKING Spit Poison.
  2599 | D:4      | 2599 ||| INVOKING Spit Poison.
  2604 | D:4      | 2604 ||| INVOKING Spit Poison.
  2621 | D:4      | Found a shimmering blue altar of Sif Muna.
  2745 | D:4      | Found an ornate altar of the Wu Jian Council.
  2746 | D:4      | Noticed Sigmund
  2747 | D:4      | 2747 ||| INVOKING Spit Poison.
  2755 | D:4      | 2755 ||| INVOKING Spit Poison.
  2760 | D:4      | 2760 ||| INVOKING Spit Poison.
  2760 | D:4      | Killed Sigmund
  2850 | D:4      | 2850 ||| INVOKING Spit Poison.
  2880 | D:4      | 2880 ||| INVOKING Spit Poison.
  2886 | D:4      | 2886 ||| INVOKING Spit Poison.
  2909 | D:4      | 2909 ||| INVOKING Spit Poison.
  2921 | D:4      | 2921 ||| INVOKING Spit Poison.
  2955 | D:4      | 2955 ||| INVOKING Spit Poison.
  2961 | D:4      | 2961 ||| INVOKING Spit Poison.
  3175 | D:4      | 3175 ||| INVOKING Spit Poison.
  3319 | D:4      | 3319 ||| UPGRADING to +1 leather armour of cold resistance.
  3329 | D:4      | 3329 ||| DROPPING +0 leather armour.
  3330 | D:4      | 3330 ||| READING scroll labelled FISUID KOIDIS.
  3333 | D:4      | 3333 ||| READING scroll labelled ITEHOU UGREA.
  3334 | D:4      | 3334 ||| READING 3 scrolls of identify.
  3334 | D:4      | 3334 ||| IDENTIFYING emerald potion
  3335 | D:4      | 3335 ||| READING 2 scrolls of identify.
  3335 | D:4      | 3335 ||| IDENTIFYING bubbling amethyst potion
  3352 | D:5      | Entered Level 5 of the Dungeon
  3361 | D:5      | 3361 ||| INVOKING Spit Poison.
  3364 | D:5      | Noticed an ice beast
  3377 | D:5      | Killed an ice beast
  3378 | D:5      | Reached XP level 7. HP: 53/66 MP: 7/7
  3443 | D:5      | 3443 ||| INVOKING Spit Poison.
  3449 | D:5      | 3449 ||| INVOKING Spit Poison.
  3464 | D:5      | 3464 ||| INVOKING Spit Poison.
  3467 | D:5      | 3467 ||| INVOKING Spit Poison.
  3470 | D:5      | 3470 ||| INVOKING Spit Poison.
  3474 | D:5      | 3474 ||| INVOKING Spit Poison.
  3481 | D:5      | 3481 ||| INVOKING Spit Poison.
  3482 | D:5      | HP: 8/66 [gnoll sergeant/+1 vampiric spear (9)]
  3482 | D:5      | Slain by a gnoll sergeant

Levels and vault maps discovered:
D:1:      eino_arrival_cavern_e, layout_loops_ring, dk_noncrumbling_2,
          grunt_decor_fettered
D:2:      layout_loops_ring, minmay_tree_intersection
D:3:      layout_basic, kennysheep_slug_shrine
D:4:      layout_gridville, mainiacjoe_overflow_cross_hatched,
          mainiacjoe_overflow_concentric_impassable, lemuel_doored_altar,
          uniq_sigmund
D:5:      layout_loops_ring, lemuel_round_altar, minmay_temple_entry_mist,
          serial_demonic, serial_demonic_b, serial_demonic_c, serial_demonic_e,
          serial_demonic_c, serial_demonic_c, serial_demonic_e

Skill      XL: |  1  2  3  4  5  6 |
---------------+-------------------+-----
Ranged Weapons | 4 5 6 |  6.3
Fighting       | 3 4 |  4.7
Dodging        | 2 |  2.6
Stealth        | |  1.5

Action                     |  1- 3 |  4- 6 |  7- 9 || total
---------------------------+-------+-------+-------++-------
   Fire: Shortbow          |    53 |   105 |    20 ||   178
Ability: Spit Poison       |    29 |    36 |     7 ||    72
    Use: Scroll            |     1 |     9 |       ||    10
 Armour: Leather armour    |     3 |    27 |    16 ||    46
  Dodge: Dodged            |     7 |    36 |    29 ||    72

Table legend:
 A = Non-vault XP
 B = Vault XP
 C = Vault XP percentage of total XP
 D = Non-vault monster count
 E = Vault monster count
 F = Vault count percentage of total count
                 A         B        C        D         E       F
            +---------+---------+-------+---------+---------+-------
      Total |     594 |     235 |  28.3 |      78 |       2 |   2.5
            +---------+---------+-------+---------+---------+-------
        D:1 |      31 |       0 |   0.0 |      20 |       0 |   0.0
        D:2 |      56 |       0 |   0.0 |      16 |       0 |   0.0
        D:3 |      92 |       4 |   4.2 |      17 |       1 |   5.6
        D:4 |     185 |     231 |  55.5 |      18 |       1 |   5.3
        D:5 |     230 |       0 |   0.0 |       7 |       0 |   0.0
            +---------+---------+-------+---------+---------+-------
